 Dungeon Crawl Stone Soup version 0.17.1-1-g73c8601 (webtiles) character file.

114 Andry07 the Shield-Bearer (level 4, 0/24 HPs)
             Began as a Vine Stalker Fighter on Dec 31, 2015.
             Succumbed to an adder's poison
             ... on level 2 of the Dungeon.
             The game lasted 00:02:23 (1496 turns).

Andry07 the Shield-Bearer (Vine Stalker Fighter)    Turns: 1496, Time: 00:02:24

Health: 0/24       AC: 11    Str: 20    XL:     4   Next: 98%
Magic:  1/5        EV:  3    Int:  8    God:
Gold:   72         SH:  9    Dex: 13    Spells: 0 memorised, 3 levels left

rFire  . . .     SeeInvis .     a - +0 long sword
rCold  . . .     Clarity  .     k - +0 plate armour
rNeg   . . .     SustAt   .     c - +0 shield
rPois  .         Gourm    .     (no helmet)
rElec  .         Spirit   +     (no cloak)
rCorr  .         Warding  .     (no gloves)
rMut   .         Stasis   .     (no boots)
MR     .....                    (no amulet)
Stlth  ..........               (no ring)
                                (no ring)

@: lethally poisoned (0 -> -1), not resistant to hostile enchantments, extremely
unstealthy
A: fangs 2, regeneration 1, magic shield, antimagic bite, no device heal 3, rot
immunity
a: no special abilities


You were on level 2 of the Dungeon.
You were very hungry.

You visited 1 branch of the dungeon, and saw 3 of its levels.

You collected 72 gold pieces.

Inventory:

Hand Weapons
 a - a +0 long sword (weapon)
Missiles
 g - 8 tomahawks (quivered)
Armour
 c - a +0 shield (worn)
 k - a +0 plate armour (worn)
Jewellery
 i - a cursed -2 ring of strength {unknown}
 p - an uncursed ring of positive energy {unknown}
Wands
 r - a wand of random effects (21)
Scrolls
 b - a scroll of immolation {unknown}
 f - 3 scrolls of magic mapping {unknown}
 h - a scroll of amnesia {unknown}
 j - 5 scrolls of identify {unknown}
 m - a scroll of fog {unknown}
 n - a scroll of enchant armour {unknown}
Potions
 d - 2 potions of might
 l - 2 potions of lignification {unknown}
 o - a potion of magic {unknown}
 q - a potion of curing {unknown}
Comestibles
 e - a bread ration


   Skills:
 + Level 3.5 Fighting
 + Level 2.8 Long Blades
 - Level 2.4 Armour
 + Level 3.7 Shields


You had 3 spell levels left.
You didn't know any spells.

Dungeon Overview and Level Annotations

Branches:
Dungeon (3/15)

Altars:
Ashenzari


Innate Abilities, Weirdness & Mutations

You have extremely sharp teeth.
Your natural rate of healing is unusually fast.
When hurt, damage is shared between your health and your magic reserves.
Your bite disrupts and absorbs the magic of your enemies.
Potions and wands cannot restore your health.
You are immune to rotting.


Message History

There is a stone staircase leading up here.
You feel sick. The bat hits you but does no damage.
You block the adder's attack.
You climb upwards.
You feel sick.
There is a stone staircase leading down here.
You closely miss the adder. You bite the adder. You drain its power.
You feel invigorated.
The adder is lightly wounded.
The adder barely misses you. You block the adder's attack.
You hit the adder.
The adder is lightly wounded.
You feel sick. The adder bites you. The adder bites you.
* * * LOW HITPOINT WARNING * * *
You closely miss the adder. You bite the adder. You drain its power.
You feel invigorated.
The adder is heavily wounded.
The adder bites you.
You closely miss the adder. Your bite misses the adder.
The adder is heavily wounded.
You die...

###.#.#.#.#.#......#
#..................#
#.#.#.#.#.#.#......#
#............#######
#.#.#.#.#.#.##
#............# ####
#.#.#.#.#.#.## #...
#.......S....# #.##
#.#.#.#@#.#.## #.#
#.######.....# #.#
#........##### #.#
########.# #.# #.#
#.# #.# #.# #.# #.#
#.############.#
#..............#


You could see an adder.

Vanquished Creatures
  Robin (D:2)
  4 adders (D:2)
  2 gnolls (D:3)
  A worm (D:2)
  A ball python (D:2)
  2 bats (D:1)
  A giant cockroach (D:1)
  10 hobgoblins
  5 kobolds (D:1)
  4 giant newts
  10 goblins
  3 rats
44 creatures vanquished.

Notes
Turn   | Place    | Note
--------------------------------------------------------------
     0 | D:1      | Andry07 the Vine Stalker Fighter began the quest for the Orb.
     0 | D:1      | Reached XP level 1. HP: 11/11 MP: 2/2
   310 | D:1      | Reached XP level 2. HP: 16/16 MP: 3/3
   426 | D:1      | Reached skill level 3 in Shields
   788 | D:2      | Reached XP level 3. HP: 15/20 MP: 4/4
  1072 | D:2      | Noticed Robin
  1105 | D:2      | Reached XP level 4. HP: 21/24 MP: 5/5
  1120 | D:2      | Killed Robin
  1444 | D:3      | Found a shattered altar of Ashenzari.
  1494 | D:2      | HP: 1/24 [adder (2)]
  1496 | D:2      | Succumbed to an adder's poison

Action                   |  1- 3 |  4- 6 || total
-------------------------+-------+-------++-------
Melee: Long sword        |   104 |    69 ||   173
  Eat: Chunk             |       |     1 ||     1
